 Dungeon Crawl Stone Soup version 0.17-a0-834-g123d519 (webtiles) character file.

56 FedoraBrony69 the Conjurer (level 3, 0/19 HPs)
             Began as a Deep Elf Conjurer on Apr 26, 2015.
             Slain by a river rat (10 damage)
             ... on level 3 of the Dungeon.
             The game lasted 00:03:28 (1523 turns).

FedoraBrony69 the Conjurer (Deep Elf Conjurer)      Turns: 1523, Time: 00:03:28

Health: 0/19       AC:  2    Str:  5    XL:     3   Next: 71%
Magic:  8/11       EV: 13    Int: 20    God:
Gold:   116        SH:  0    Dex: 15    Spells: 1 memorised, 10 levels left

rFire  . . .     SeeInvis .     f - +3 dagger
rCold  . . .     Clarity  .     a - +0 robe
rNeg   . . .     SustAb   .     (no shield)
rPois  +         Gourm    .     (no helmet)
rElec  .         Spirit   .     (no cloak)
rCorr  .         Warding  .     (no gloves)
rMut   .         Stasis   .     (no boots)
MR     .....                    (no amulet)
Stlth  ++........               (no ring)
                                e - ring of poison resistance

@: not resistant to hostile enchantments, unstealthy
A: no striking features
a: no special abilities


You were on level 3 of the Dungeon.
You were hungry.

You visited 1 branch of the dungeon, and saw 3 of its levels.

You collected 116 gold pieces.

Inventory:

Hand weapons
 f - a +3 dagger (weapon)
 i - a +0 short sword
Armour
 a - a +0 robe (worn)
Jewellery
 e - a ring of poison resistance (left hand)
 o - an uncursed ring of protection from magic {unknown}
Scrolls
 d - a scroll of identify {unknown}
 g - 2 scrolls of fear {unknown}
 h - a scroll of recharging {unknown}
 j - a scroll of amnesia {unknown}
 m - a scroll of magic mapping {unknown}
 n - a scroll of enchant armour {unknown}
Potions
 l - 3 potions of lignification {unknown}
Books
 b - a book of Conjurations

   Spells                             Type                      Level
   a - Magic Dart                     Conjuration                  1
   b - Searing Ray                    Conjuration                  2
   c - Dazzling Spray                 Conjuration/Hexes            3
   d - Fulminant Prism                Conjuration/Hexes            4
   e - Iskenderun's Mystic Blast      Conjuration                  4
   f - Iskenderun's Battlesphere      Conjuration/Charms           5
Comestibles
 c - a bread ration
 k - a meat ration


   Skills:
 - Level 2.4 Dodging
 - Level 2.4 Stealth
 + Level 4.6 Spellcasting
 + Level 5.1 Conjurations


You had 10 spell levels left.
You knew the following spells:

 Your Spells              Type           Power        Failure   Level  Hunger
a - Magic Dart            Conj           ####         1%          1    None


Dungeon Overview and Level Annotations

Branches:
Dungeon (3/15)

Altars:
Nemelex Xobeh
The Shining One


Message History

The magic dart hits the river rat.
The river rat is moderately wounded.
Casting: Magic Dart
Confirm with . or Enter, or press ? or * to list all spells.
Aiming: Magic Dart
Press: ? - help, Shift-Dir - straight line, f/p - river rat
Aim: a river rat (moderately wounded)
The magic dart hits the river rat.
The river rat is heavily wounded.
Unknown command.
Casting: Magic Dart
Confirm with . or Enter, or press ? or * to list all spells.
Aiming: Magic Dart
Press: ? - help, Shift-Dir - straight line, f/p - river rat
Aim: a river rat (heavily wounded)
The magic dart hits the river rat.
The river rat is heavily wounded.
The river rat bites you!
Ouch! That really hurt!
You die...

♣P###♣♣.♣.###♣♣♣♣##..♣#
♣.PP♣♣♣..##P.♣♣♣♣....♣
♣ ♣....♣P♣..PP♣.♣.. ♣
♣P♣.♣♣.♣♣♣.♣♣♣♣.P.♣
♣..♣..P.♣..PP♣♣...♣
♣♣♣.P♣♣♣.P..♣.♣..(♣
.♣♣P.P8...♣.♣.P♣♣..♣
.P.........P♣..♣..♣
♣...8.⌠.8.♣♣....@r♣
.♣......PP.P..♣.♣.P..♣
♣.P.8P♣.♣....♣.♣ .♣♣♣
♣.♣P♣♣.♣♣♣.♣§..P..♣
♣..♣....P.§PP♣♣.P.♣
♣♣..♣♣♣...§♣≈♣...♣ ♣
#♣♣§§♣♣.§♣♣♣ PP.# .§♣
...# ##


You could see a river rat.

Vanquished Creatures
  A river rat (D:3)
  A worm (D:2)
  A giant gecko (D:2)
  A bat skeleton (D:3)
  4 giant cockroaches
  6 hobgoblins
  8 kobolds
  A quokka (D:1)
  A ball python (D:1)
  3 bats
  3 giant newts
  7 goblins
  8 rats
45 creatures vanquished.

Notes
Turn   | Place    | Note
--------------------------------------------------------------
     0 | D:1      | FedoraBrony69, the Deep Elf Conjurer, began the quest for the Orb.
     0 | D:1      | Reached XP level 1. HP: 10/10 MP: 6/6
   124 | D:1      | Reached XP level 2. HP: 3/15 MP: 0/8
   736 | D:1      | Reached XP level 3. HP: 19/19 MP: 5/10
   956 | D:2      | Found a glowing golden altar of the Shining One.
   965 | D:2      | Reached skill level 5 in Conjurations
  1279 | D:2      | Found a sparkling altar of Nemelex Xobeh.
  1523 | D:3      | Slain by a river rat

Action                   || total
-------------------------++-------
Melee: Unarmed           ||    11
       Dagger            ||     3
 Cast: Magic Dart        ||    95
  Eat: Chunk             ||     1
